 Dungeon Crawl Stone Soup version 0.29.0-4-gdea44cf6ec (webtiles) character file.

Game seed: 16355009668169686698

27 qw the Chopper (level 3, 0/21 HPs)
             Began as a Tengu Warper on Aug 28, 2022.
             Succumbed to a goblin's poison
             ... on level 2 of the Dungeon.
             The game lasted 00:00:04 (859 turns).

qw the Chopper (Tengu Warper)                        Turns: 859, Time: 00:00:05

Health: 0/21       AC: 11    Str: 13    XL:     3   Next: 10%
Magic:  7/7        EV:  3    Int: 13    God:
Gold:   57         SH:  0    Dex: 13    Spells: 6/6 levels left

rFire   . . .      SeeInvis .   Y - +0 hand axe
rCold   . . .      Faith    .   (no shield)
rNeg    . . .      Spirit   .   g - +0 plate armour
rPois   .          Reflect  .   (helmet restricted)
rElec   .          Harm     .   i - +0 cloak
rCorr   +          Rampage  .   (no gloves)
Will    .....                   (boots unavailable)
Stlth   ..........              (no amulet)
HPRegen 0.07/turn               d - ring of resist corrosion
MPRegen 0.10/turn               (no ring)

@: lethally poisoned (0 -> -5)
A: beak, talons 3
a: no special abilities


You were on level 2 of the Dungeon.
You visited 1 branch of the dungeon, and saw 2 of its levels.

You collected 57 gold pieces.


Innate Abilities, Weirdness & Mutations

You have a beak for a mouth.
You have claws for feet.


   Skills:
 - Level 2.0 Fighting
 + Level 3.8 Axes
 - Level 1.0 Throwing
 - Level 1.1 Armour
 - Level 2.1 Dodging
 - Level 2.0 Spellcasting
 - Level 2.4 Translocations


You had 6 spell levels left.
You didn't know any spells.
Your spell library contained the following spells:

 Spells                   Type           Power      Damage    Failure   Level
 Blink                    Tloc           14%        N/A       100%        2
 Gell's Gravitas          Tloc           7%         N/A       100%        3
 Lesser Beckoning         Tloc           7%         N/A       100%        3
 Teleport Other           Tloc           7%         N/A       100%        3
 Manifold Assault         Tloc           7%         N/A       100%        5

Inventory:

Hand Weapons
 f - a +0 whip
 Y - a +0 hand axe (weapon)
Armour
 g - a +0 plate armour (worn)
 i - a +0 cloak (worn)
Jewellery
 d - a ring of resist corrosion (left hand)
Potions
 h - a potion of attraction {unknown}
 j - a potion of curing {unknown}
 k - a potion of invisibility {unknown}

Dungeon Overview and Level Annotations

Branches:
Dungeon (2/15)

Altars:


Message History

The bat hits you but does no damage. The bat hits you but does no damage.
The bat hits you but does no damage. x2
You hit the bat. Your kick misses the bat. Your peck misses the bat.
The bat is heavily wounded.
The bat hits you but does no damage.
You hit the bat.
You kill the bat!
Found a stone staircase leading up.
Found a stone staircase leading down.
A rat and a goblin come into view.
The goblin is wielding a +1 dagger of venom.
Found a scroll of blinking.
The goblin shouts!
You hear an angry hiss. x2
You closely miss the rat. You barely miss the goblin.
The rat bites you but does no damage. The goblin hits you but does no damage.
You are poisoned.
A frilled lizard comes into view.
A ball python comes into view.
The rat bites you but does no damage.
The goblin hits you with a +1 dagger of venom.
You are lethally poisoned!
852 ||| Stepping ~*~*~tactically~*~*~ (stealth).
The goblin attacks as you move away! The goblin hits you but does no damage.
You feel very sick.
The ball python hisses angrily.
You hit the rat.
You kill the rat!
You hit the goblin.
You kill the goblin!
You feel very sick.
854 ||| FLEEEEING.
You feel very sick.
855 ||| FLEEEEING.
You feel sick.
You feel sick.
You feel sick.
858 ||| FLEEEEING.
You feel sick.
859 ||| FLEEEEING.
You die...

#.............
#....>.....<.. ##
#.............
...##......$.....
#......S)..S....
#########...####.#.l.
#.....####..%.## .. .
#.<...##...#.......l.
#.%...@.............?
#.....######....... .
#.....# .......
#.....# ######.
#.....# #######


There were no monsters in sight!

Vanquished Creatures
  A dart slug (D:2)
  2 goblins
  3 hobgoblins (D:1)
  4 jackals (D:1)
  2 quokkas (D:1)
  5 bats
  A frilled lizard (D:2)
  A kobold (D:1)
  3 rats
22 creatures vanquished.

Notes
Turn   | Place    | Note
-------+----------+-------------------------------------------
     0 | D:1      | qw the Tengu Warper began the quest for the Orb.
     0 | D:1      | Reached XP level 1. HP: 12/12 MP: 4/4
     0 | D:1      | 0 ||| qw: Version: 0.1-a-89-g26bdef1
     0 | D:1      | 0 ||| qw: Game counter: 48
     0 | D:1      | 0 ||| qw: Always use a shield: true
     0 | D:1      | 0 ||| qw: God list: Okawaru
     0 | D:1      | 0 ||| qw: Allow faded altars: false
     0 | D:1      | 0 ||| qw: Do Orc after D:15 true
     0 | D:1      | 0 ||| qw: Do second Lair branch before Depths: true
     0 | D:1      | 0 ||| qw: Lair rune preference: random
     0 | D:1      | 0 ||| qw: Plans: Normal
     0 | D:1      | 0 ||| PLANNING D:1-11
    53 | D:1      | 53 ||| Stepping ~*~*~tactically~*~*~ (stealth).
    64 | D:1      | Reached XP level 2. HP: 9/17 MP: 6/6
    67 | D:1      | Reached skill level 3 in Axes
    73 | D:1      | HP: 2/17 [hobgoblin (4)]
   648 | D:1      | 648 ||| Stepping ~*~*~tactically~*~*~ (stealth).
   684 | D:1      | 684 ||| UPGRADING to +0 plate armour.
   694 | D:1      | 694 ||| DROPPING +0 leather armour.
   695 | D:1      | 695 ||| UPGRADING to +0 cloak.
   700 | D:1      | 700 ||| UPGRADING to ring of resist corrosion.
   701 | D:1      | 701 ||| READING scroll labelled NIJOLE MAHAKHIU.
   702 | D:1      | 702 ||| READING scroll labelled UZOBRU DIEKI.
   707 | D:1      | 707 ||| DROPPING scroll of blinking.
   734 | D:2      | 734 ||| STAIRDANCE
   821 | D:2      | 821 ||| Stepping ~*~*~tactically~*~*~ (hiding).
   827 | D:2      | Reached XP level 3. HP: 21/21 MP: 7/7
   852 | D:2      | 852 ||| Stepping ~*~*~tactically~*~*~ (stealth).
   854 | D:2      | 854 ||| FLEEEEING.
   855 | D:2      | 855 ||| FLEEEEING.
   856 | D:2      | HP: 4/21 [poisoned by a goblin]
   858 | D:2      | 858 ||| FLEEEEING.
   858 | D:2      | HP: 1/21 [poisoned by a goblin]
   859 | D:2      | 859 ||| FLEEEEING.
   859 | D:2      | Succumbed to a goblin's poison

Levels and vault maps discovered:
D:1:      minmay_arrival_five_plusses, layout_rooms
D:2:      layout_rooms, basic_altar, shapermc_ecumenical_altar_rom_forum,
          serial_shops, shop_statue, supply_closet_lemuel

Skill      XL: |  1  2 |
---------------+-------+-----
Axes           | 3 |  3.8
Fighting       | |  2.0
Throwing       | |  1.0
Armour         | |  1.1
Dodging        | |  2.1
Spellcasting   | |  2.0
Translocations | |  2.4

Action                   || total
-------------------------++-------
Melee: Hand axe          ||    47
       Kick              ||     8
       Peck              ||     6
Throw: Boomerang         ||     7
  Use: Scroll            ||     2
Armor: Leather armour    ||     9
       Plate armour      ||    19
Dodge: Dodged            ||    27

Table legend:
 A = Non-vault XP
 B = Vault XP
 C = Vault XP percentage of total XP
 D = Non-vault monster count
 E = Vault monster count
 F = Vault count percentage of total count
                 A         B        C        D         E       F
            +---------+---------+-------+---------+---------+-------
      Total |      39 |       0 |   0.0 |      22 |       0 |   0.0
            +---------+---------+-------+---------+---------+-------
        D:1 |      29 |       0 |   0.0 |      17 |       0 |   0.0
        D:2 |      10 |       0 |   0.0 |       5 |       0 |   0.0
            +---------+---------+-------+---------+---------+-------
